cohdb
Replays
Latest Replays
All Replays
Popular Replays
Top Player Replays
Match Explorer
How It Works
Community
CoH3 Stats
Reddit
Sign in to upload your games and track your stats! →
Sign in with Steam
Match 45100278
Unlisted
Match 45100278
Overview
Messages
Build Orders
End
Kradschützen Motorcycle Team
Panzergrenadier Squad
Panzergrenadier Squad
Selects Italian Infantry
Construct Light Support Kompanie
Panzerjäger Squad
2.5-tonne Medical Truck
Construct Mechanized Kompanie
Selects Guastatori Squad
Guastatori Squad
Support Armor Elements
Selects Registered Artillery
Marder III Tank Destroyer
Registered Artillery
Marder III Tank Destroyer
Veteran Squad Leaders
8 Rad Armored Car
Selects Sound the Alarm
Rapid Advance
Vehicle Survival Package
Selects Territory Booby Traps
Selects Obice 305mm Barrage
Selects Propaganda War
Propaganda War
Tungsten Core Ammunition
Selects Towed Cannone da 105/28 Field Howitzer
Emergency Repair Kits
8 Rad Armored Car
Guastatori Squad
8 Rad Armored Car
Rihhno
KampFTrikeR
PzDiv Viper ✠
Marian Gold
6block
Arnie
Maniax
BlackJackKing
0
0
Comments
sign in to comment!
No comments posted yet!